 Dungeon Crawl Stone Soup version 0.20.1-1-g8b1a95d (webtiles) character file.

67 Knicklaso the Changer (level 4, -2/35 HPs)
             Began as a Merfolk Transmuter on July 15, 2017.
             Slain by Sigmund
             ... wielding a +6 scythe of venom
              (12 damage)
             ... on level 2 of the Dungeon.
             The game lasted 00:06:26 (2196 turns).

Knicklaso the Changer (Merfolk Transmuter)          Turns: 2196, Time: 00:06:26

Health: -2/35      AC:  2    Str: 11    XL:     4   Next: 18%
Magic:  0/7        EV: 13    Int: 14    God:
Gold:   33         SH:  0    Dex: 14    Spells: 3/7 levels left

rFire    + . .     SeeInvis .     - Unarmed
rCold    . . .     Gourm    .   (no shield)
rNeg     . . .     Faith    .   b - +0 robe
rPois    .         Spirit   .   (no helmet)
rElec    .         Reflect  .   (no cloak)
rCorr    .         Harm     .   (no gloves)
MR       .....                  (no boots)
Stlth    +.........             o - amulet of regeneration
Regen    0.6/turn               (no ring)
MPRegen  0.1/turn               (no ring)

@: very slightly contaminated
A: change form in water, swift swim, stealthy swim, clever 1, fire resistance 1,
robust 1
a: no special abilities


You were on level 2 of the Dungeon.
You were not hungry.

You visited 1 branch of the dungeon, and saw 2 of its levels.

You collected 33 gold pieces.

Inventory:

Missiles
 a - 59 arrows
Armour
 b - a +0 robe (worn)
Jewellery
 o - an amulet of regeneration (around neck)
 r - a +3 amulet of reflection {unknown}
Scrolls
 f - a scroll of amnesia {unknown}
 g - 5 scrolls of teleportation {unknown}
 h - a scroll of fog {unknown}
 k - 2 scrolls of random uselessness {unknown}
 l - a scroll of immolation {unknown}
 n - a scroll of recharging {unknown}
Potions
 e - 2 potions of mutation
 p - 2 potions of might {unknown}
 q - a potion of heal wounds {unknown}
Books
 c - a book of Changes

   Spells                             Type                      Level
   a - Beastly Appendage              Transmutation                1
   b - Sticks to Snakes               Transmutation                2
   c - Spider Form                    Transmutation/Poison         3
   d - Ice Form                       Ice/Transmutation            4
   e - Blade Hands                    Transmutation                5
Comestibles
 d - 2 bread rations
 i - 2 chunks of flesh
 j - a meat ration


   Skills:
 - Level 1.1 Fighting
 - Level 2.6 Dodging
 - Level 3.2 Unarmed Combat
 - Level 2.0 Spellcasting
 + Level 5.7 Transmutations


You had 3 spell levels left.
You knew the following spells:

 Your Spells              Type           Power        Failure   Level  Hunger
a - Beastly Appendage     Tmut           ###...       2%          1    ##.....
b - Spider Form           Tmut/Pois      #.........   22%         3    ####...


Dungeon Overview and Level Annotations

Branches:
Dungeon (2/15)

Altars:

Annotations:
D:2 Sigmund


Innate Abilities, Weirdness & Mutations

You revert to your normal form in water.
You are very nimble and swift while swimming.
You are very stealthy in the water. (Stealth+)
Your mind is acute. (Int +2)
Your flesh is heat resistant. (rF+)
You are robust. (+10% HP)


Message History

You are confused.
You bump into the rock wall.
You're too confused to move!
You bump into the rock wall.
Something hits you!
* * * LOW HITPOINT WARNING * * *
You bump into the rock wall.
You feel less confused.
Some of the chunks of flesh in your inventory have rotted away.
It was a potion of mutation.
You feel extremely strange.
You feel robust.
You feel clever.
You feel resistant to heat.
Sigmund appears from thin air!
Reactivating autopickup.
Sigmund gestures at you while chanting. You resist with some effort.
You feel better. Sigmund misses you.
Casting: Spider Form
Confirm with . or Enter, or press ? or * to list all spells.
You miscast Spider Form.
You feel faint for a moment.
Sigmund hits you from afar with a scythe of venom!
You die...

#######..# #.##.#
##.## #.##.#### #..#
#.......# ########.#
#^......# ##....#
#.###.......# #.....#
#..##.......#
#.....####.##.##'####
#...........#.##.#
#....#####..#.##@#
#....'......#.##.#
#....##..#..#.##@#
#.#......#....##.#
#.#......###..##.# ..
#.#...........##.# ..
#.#....#.###.###.# .#
#.#....#.###..##.# .#
#.#.####....#.##.# .#


You could see Sigmund.

Vanquished Creatures
  2 adders (D:2)
  A worm (D:2)
  A leopard gecko (D:2)
  A ball python (D:1)
  A giant cockroach (D:1)
  3 goblins (D:1)
  9 hobgoblins
  2 jackals (D:2)
  6 bats
  4 frilled lizards (D:2)
  8 kobolds
  7 rats
45 creatures vanquished.

Notes
Turn   | Place    | Note
-------+----------+-------------------------------------------
     0 | D:1      | Knicklaso the Merfolk Transmuter began the quest for the Orb.
     0 | D:1      | Reached XP level 1. HP: 15/15 MP: 3/3
    84 | D:1      | Reached skill level 3 in Transmutations
   350 | D:1      | Reached XP level 2. HP: 13/21 MP: 3/5
   830 | D:1      | Reached skill level 4 in Transmutations
  1438 | D:1      | Reached XP level 3. HP: 26/26 MP: 6/6
  1693 | D:2      | Reached skill level 5 in Transmutations
  1878 | D:2      | Learned a level 3 spell: Spider Form
  2055 | D:2      | Reached XP level 4. HP: 29/32 MP: 3/7
  2158 | D:2      | Noticed Sigmund
  2180 | D:2      | HP: 1/32 [poisoned by Sigmund]
  2194 | D:2      | Gained mutation: You are robust. (+10% HP) [potion of mutation]
  2194 | D:2      | Gained mutation: Your mind is acute. (Int +2) [potion of mutation]
  2194 | D:2      | Gained mutation: Your flesh is heat resistant. (rF+) [potion of mutation]
  2196 | D:2      | Slain by Sigmund

Skill      XL: |  1  2  3 |
---------------+----------+-----
Transmutations | 3 4 5 |  5.7
Fighting       | |  1.1
Dodging        | |  2.6
Unarmed Combat | |  3.2
Spellcasting   | |  2.0

Action                   |  1- 3 |  4- 6 || total
-------------------------+-------+-------++-------
Melee: Unarmed           |   121 |    23 ||   144
       Headbutt          |    13 |     1 ||    14
       Punch             |     1 |       ||     1
 Cast: Beastly Appendage |    16 |     2 ||    18
       Spider Form       |     1 |     2 ||     3
  Use: Potion            |       |     3 ||     3
 Stab: Distracted        |     1 |       ||     1
       Sleeping          |     1 |       ||     1
  Eat: Chunk             |     4 |     1 ||     5
Armor: Robe              |    27 |     3 ||    30
       Skin              |     1 |     1 ||     2
Dodge: Dodged            |    94 |    17 ||   111
